 Dungeon Crawl Stone Soup version 0.20-b1-2-gc5a9893 (webtiles) character file.

853 wyrdjoy the Covert (level 7, -5/31 (32) HPs)
             Began as a Spriggan Enchanter on May 22, 2017.
             Was a Follower of Vehumet.
             Killed from afar by an orc wizard (8 damage)
             ... with a puff of frost
             ... on level 4 of the Dungeon.
             The game lasted 00:23:59 (5897 turns).

wyrdjoy the Covert (Spriggan Enchanter)             Turns: 5897, Time: 00:24:00

HP:   -5/31 (32)    AC:  2    Str:  6    XL:     7   Next: 70%
MP:   0/12          EV: 18    Int: 17    God:    Vehumet [*.....]
Gold: 213           SH:  0    Dex: 16    Spells: 5/11 levels left

rFire    . . .     SeeInvis +   a - +1 dagger
rCold    . . .     Gourm    .   (shield restricted)
rNeg     . . .     Faith    .   b - +0 robe
rPois    .         Spirit   +   (helmet restricted)
rElec    .         Reflect  .   (no cloak)
rCorr    .         Harm     .   (gloves unavailable)
MR       +....                  (boots unavailable)
Stlth    ++++......             e - amulet of guardian spirit
Regen    0.1/turn               (no ring)
MPRegen  0.2/turn               (no ring)

@: very quick
A: unfitting armour, see invisible, herbivore 3, speed 3, slow metabolism 2
a: Renounce Religion


You were on level 4 of the Dungeon.
You worshipped Vehumet.
Vehumet was aware of your devotion.
You were not hungry.

You visited 1 branch of the dungeon, and saw 5 of its levels.

You collected 213 gold pieces.

Inventory:

Hand Weapons
 a - a +1 dagger (weapon)
Armour
 b - a +0 robe (worn)
Jewellery
 e - an amulet of guardian spirit (around neck)
 s - a +3 amulet of reflection
 t - an uncursed ring of fire
 w - an uncursed amulet of the gourmand {unknown}
 x - an uncursed ring of wizardry {unknown}
 y - an uncursed ring of ice {unknown}
Wands
 i - a wand of random effects (20/48)
Scrolls
 f - a scroll of torment {unknown}
 h - a scroll of magic mapping {unknown}
 j - 3 scrolls of teleportation
 k - 2 scrolls of enchant weapon {unknown}
 l - 2 scrolls of enchant armour {unknown}
 o - 3 scrolls of identify {unknown}
 q - 3 scrolls of blinking
 r - a scroll of random uselessness {unknown}
 u - a scroll of fear {unknown}
Potions
 g - a potion of heal wounds {unknown}
 m - 4 potions of curing {unknown}
 n - a potion of agility {unknown}
 p - a potion of ambrosia {unknown}
 v - a potion of resistance {unknown}
 z - a potion of berserk rage {unknown}
Books
 c - a book of Maledictions

   Spells                             Type                      Level
   a - Corona                         Hexes                        1
   b - Ensorcelled Hibernation        Hexes/Ice                    2
   c - Confuse                        Hexes                        3
   d - Tukima's Dance                 Hexes                        3
   e - Dazzling Spray                 Conjuration/Hexes            3
Comestibles
 d - 3 bread rations


   Skills:
 + Level 6.3 Short Blades
 - Level 3.1 Dodging
 + Level 10.0 Stealth
 - Level 2.6 Spellcasting
 + Level 5.0 Hexes


You had 5 spell levels left.
You knew the following spells:

 Your Spells              Type           Power        Failure   Level  Hunger
a - Corona                Hex            ###....      2%          1    #......
b - Ensorcelled Hibernat  Hex/Ice        ##....       10%         2    ##.....
c - Tukima's Dance        Hex            ###.....     7%          3    ###....


Dungeon Overview and Level Annotations

Branches:
Dungeon (5/15)
 Temple: D:4-7

Altars:
Hepliaklqana
Vehumet
Yredelemnul

Annotations:
D:3 Gadfly's ghost, amateur DsMo


Innate Abilities, Weirdness & Mutations

You are very small and have problems with some larger weapons.
You are too small for most types of armour.
You have supernaturally acute eyesight. (SInv)
You are a herbivore.
You cover ground extremely quickly.
You need consume almost no food.


Message History

You climb upwards.
There is a stone staircase leading down here.
The orc wizard closely misses you. The orc wizard barely misses you.
The orc wizard casts a spell at you. The puff of frost hits you!
* * * LOW HITPOINT WARNING * * *
You see here a rat skeleton.
There is an open door here.
You close the door.
An orc wizard opens the door.
The orc wizard casts a spell.
The orc wizard flickers and vanishes for a moment.
The orc wizard points at you and mumbles some strange words.
The puff of frost hits you!
* * * LOW HITPOINT WARNING * * *
You open the door. The orc wizard casts a spell at you.
The puff of frost misses you.
The orc wizard points at you and mumbles some strange words.
The puff of frost hits you!
You die...

.##......##..# #.#
###.##.......# #.# #
##.###.##.## ###.#
#####.#.###'## ##.#.#
.......###...## ##.#..#
######.##.....## #.#...#
#.## #.#.......## ##...##
...###..........####...##
................@.......#
...###..........####...##
.......#.......## ##..###
.########..oo.## #.....#
[# ##...## #.###.# .#
##'## #.# #.# .# #รท#
#.###.# .##### ####.###
#.....# ..)).# #......#
#####.#


You could see 2 orc wizards.

Vanquished Creatures
  2 ogres
  A gnoll sergeant (D:5)
  A bullfrog (D:3)
  A hound (D:5)
  3 orc priests
  Jessica (D:3)
  Ijyb (D:4)
  An iguana (D:5)
  5 worker ants
  A hound skeleton (D:4)
  A worker ant zombie (D:5)
  6 gnolls
  7 adders
  5 worms
  A dart slug (D:2)
  5 leopard geckos
  7 orcs
  2 giant cockroaches
  7 goblins
  6 hobgoblins
  6 jackals
  3 kobolds
  3 quokkas
  A ball python (D:1)
  6 bats
  5 frilled lizards
  A leopard gecko skeleton (D:4)
  6 rats
95 creatures vanquished.

Vanquished Creatures (others)
  3 dancing weapons (D:5)
3 creatures vanquished.

Grand Total: 98 creatures vanquished

Notes
Turn   | Place    | Note
-------+----------+-------------------------------------------
     0 | D:1      | wyrdjoy the Spriggan Enchanter began the quest for the Orb.
     0 | D:1      | Reached XP level 1. HP: 9/9 MP: 5/5
   607 | D:1      | Reached XP level 2. HP: 13/13 MP: 6/6
   611 | D:1      | Learned a level 2 spell: Ensorcelled Hibernation
   727 | D:1      | Reached skill level 5 in Stealth
  1307 | D:2      | Reached XP level 3. HP: 16/16 MP: 0/8
  1627 | D:2      | Found a hazy altar of Hepliaklqana.
  1631 | D:2      | Found a basalt altar of Yredelemnul.
  1639 | D:2      | Reached skill level 6 in Stealth
  2144 | D:3      | Noticed Jessica
  2146 | D:3      | Reached XP level 4. HP: 21/21 MP: 9/9
  2149 | D:3      | Noticed a bullfrog
  2152 | D:3      | Killed Jessica
  2264 | D:3      | Killed a bullfrog
  2264 | D:3      | Reached skill level 7 in Stealth
  2264 | D:3      | Reached XP level 5. HP: 15/24 MP: 10/10
  2332 | D:3      | Noticed Gadfly's ghost (amateur DsMo)
  2851 | D:3      | Found a radiant altar of Vehumet.
  2862 | D:3      | Became a worshipper of Vehumet
  2960 | D:2      | Learned a level 3 spell: Tukima's Dance
  3158 | D:4      | Reached skill level 8 in Stealth
  3162 | D:4      | Reached XP level 6. HP: 28/28 MP: 11/11
  3169 | D:4      | Noticed Ijyb
  3174 | D:4      | Killed Ijyb
  3422 | D:4      | Reached skill level 5 in Short Blades
  3750 | D:4      | Reached skill level 9 in Stealth
  4310 | D:4      | Reached XP level 7. HP: 31/32 MP: 6/12
  4660 | D:5      | Entered Level 5 of the Dungeon
  4845 | D:5      | Reached * piety under Vehumet
  4845 | D:5      | Offered knowledge of Magic Dart by Vehumet.
  5649 | D:5      | Reached skill level 10 in Stealth
  5649 | D:5      | Reached skill level 5 in Hexes
  5897 | D:4      | Killed from afar by an orc wizard

Skill      XL: |  1  2  3  4  5  6  7 |
---------------+----------------------+-----
Stealth        | 5 6 7 8 9 10 | 10.0
Short Blades   | 2 3 4 5 6 |  6.3
Hexes          | 4 5 |  5.0
Dodging        | |  3.1
Spellcasting   | |  2.6

Action                   |  1- 3 |  4- 6 |  7- 9 || total
-------------------------+-------+-------+-------++-------
Melee: Dagger            |   142 |   207 |   129 ||   478
 Cast: Corona            |     2 |       |       ||     2
       Ensorcelled Hiber |     8 |    28 |    32 ||    68
       Tukima's Dance    |       |       |     6 ||     6
  Use: Scroll            |     1 |     2 |     1 ||     4
 Stab: Sleeping          |    18 |    31 |    12 ||    61
       Distracted        |       |       |     1 ||     1
  Eat: Royal jelly       |       |     1 |     1 ||     2
       Bread ration      |       |       |     1 ||     1
Armor: Robe              |    10 |    17 |    12 ||    39
Dodge: Dodged            |   113 |   142 |   103 ||   358
